 Dungeon Crawl Stone Soup version 0.22-a0-348-gd16d139 (webtiles) character file.

88 iamserjio the Ducker (level 4, 0/46 HPs)
             Began as an Octopode Monk on Apr 10, 2018.
             Slain by a gnoll
             ... wielding a +1 halberd of chopping
              (2 damage)
             ... on level 3 of the Dungeon.
             The game lasted 00:03:32 (1560 turns).

iamserjio the Ducker (Octopode Monk)                Turns: 1560, Time: 00:03:33

Health: 0/46       AC: 22    Str: 10    XL:     4   Next: 53%
Magic:  4/4        EV:  2    Int: 12    God:
Gold:   83         SH:  0    Dex: 15    Spells: 3/3 levels left

rFire    . . .     SeeInvis .   a - +0 falchion
rCold    . . .     Gourm    .   (no shield)
rNeg     + + +     Faith    .   (helmet currently unavailable)
rPois    +         Spirit   .   (no amulet)
rElec    .         Reflect  .   (no ring)
rCorr    .         Harm     .   (no ring)
MR       .....     NoTele   +   (no ring)
Stlth    +++.......             (no ring)
HPRegen  0.15/turn              (no ring)
MPRegen  0.09/turn              (no ring)
                                (no ring)
                                (no ring)

@: tree-form
A: almost no armour, stealthy swim, (amphibious), 8 rings, (constrict 8)
a: no special abilities


You were on level 3 of the Dungeon.
You were hungry.
You were a tree.
You visited 1 branch of the dungeon, and saw 3 of its levels.

You collected 83 gold pieces.

Inventory:

Hand Weapons
 a - a +0 falchion (weapon)
Scrolls
 c - 5 scrolls of remove curse {unknown}
 g - a scroll of teleportation
 h - 2 scrolls of identify {unknown}
 i - a scroll of immolation {unknown}
Potions
 d - a potion of berserk rage {unknown}
 e - a potion of curing {unknown}
 f - 2 potions of lignification
 j - a potion of brilliance {unknown}
 k - 2 potions of ambrosia {unknown}
 l - a potion of magic {unknown}
Comestibles
 b - 3 rations


   Skills:
 + Level 3.4 Fighting
 * Level 3.7 Long Blades
 * Level 3.8 Dodging
 + Level 3.8 Stealth


You had 3 spell levels left.
You didn't know any spells.

Dungeon Overview and Level Annotations

Branches:
Dungeon (3/15)

Altars:
Trog


Innate Abilities, Weirdness & Mutations

You cannot wear most types of armour.
You are very stealthy in the water. (Stealth+)
((You are amphibious.))
You can wear up to eight rings at the same time.
((You can use your tentacles to constrict eight enemies at once.))
((Your skin changes colour to match your surroundings (Stealth+).))
((Your rubbery body absorbs attacks. (AC +1, EV +1)))


Message History

As you read the scroll labeled MANNIO AJUUWO, it crumbles to dust.
You feel a strange sense of stasis.
It was a scroll of teleportation.
You feel sick. The gnoll hits you but does no damage.
You slash the giant cockroach!
You kill the giant cockroach!
The gnoll hits you from afar with a halberd.
* * * LOW HITPOINT WARNING * * *
The gnoll hits you but does no damage.
You feel sick.
The gnoll hits you but does no damage. x2
The gnoll hits you but does no damage. x2
The gnoll hits you but does no damage. x2
The gnoll hits you but does no damage. x2
You hit the gnoll.
The gnoll is lightly wounded.
You feel sick.
You are no longer poisoned.
The gnoll hits you from afar with a halberd of chopping!
* * * LOW HITPOINT WARNING * * *
You die...

###### ######. #....#
#####...##.
#....######...#...##.
#.............#...##.
#....gg.......#...##.
#...♣†gg......#.....g
###########...#...###
......g.....g†.
.............s.
......####.#....
...... #...%.. .%....
####### ...... ...


You could see 4 gnolls.

Vanquished Creatures
  Jessica (D:2)
  A gnoll (D:1)
  An adder (D:3)
  An ooze (D:1)
  A worm (D:2)
  3 dart slugs
  A bat (D:2)
  A giant cockroach (D:3)
  4 goblins
  9 hobgoblins
  2 jackals (D:2)
  A kobold (D:1)
  4 rats
30 creatures vanquished.

Notes
Turn   | Place    | Note
-------+----------+-------------------------------------------
     0 | D:1      | iamserjio the Octopode Monk began the quest for the Orb.
     0 | D:1      | Reached XP level 1. HP: 16/16 MP: 1/1
    70 | D:1      | Reached XP level 2. HP: 17/21 MP: 2/2
   303 | D:1      | Reached XP level 3. HP: 22/26 MP: 3/3
   642 | D:2      | Noticed Jessica
   644 | D:2      | Killed Jessica
   673 | D:2      | Reached XP level 4. HP: 31/31 MP: 4/4
  1192 | D:2      | Found a bloodstained altar of Trog.
  1560 | D:3      | HP: 2/46 [gnoll/halberd of chopping (8)]
  1560 | D:3      | Slain by a gnoll

Vault maps used:
D:1:      roderic_chinese_lattice_arrival
D:2:      lightli_temple_of_fire, first_ration, uniq_jessica
D:3:      overflow_temple_1_default, portal_sewer_entry_d, okawaru_trees_1

Skill      XL: |  1 |
---------------+----+-----
Stealth        | 3 |  3.8
Fighting       | |  3.4
Long Blades    | |  3.7
Dodging        | |  3.8

Action                   |  1- 3 |  4- 6 || total
-------------------------+-------+-------++-------
Melee: Falchion          |    33 |    26 ||    59
       Constrict         |     8 |    11 ||    19
       Tentacles         |     2 |     3 ||     5
  Use: Scroll            |       |     1 ||     1
       Potion            |       |     1 ||     1
 Stab: Sleeping          |     8 |     4 ||    12
  Eat: Chunk             |       |     1 ||     1
Armor: Skin              |     3 |    10 ||    13
Dodge: Dodged            |    15 |    20 ||    35
       Rpst.: Falchion   |     4 |     9 ||    13

Table legend:
 A = Spawn XP
 B = Non-spawn XP
 C = Spawn XP percentage of total XP
 D = Spawn monster count
 E = Non-spawn monster count
 F = Spawn count percentage of total count
 G = Total turns spent on level
                    A         B        C        D         E        F      G
               +---------+---------+-------+---------+---------+-------+---------
         Total |       0 |     126 |   0.0 |       0 |      30 |   0.0 |  1560
               +---------+---------+-------+---------+---------+-------+---------
           D:1 |       0 |      43 |   0.0 |       0 |      13 |   0.0 |   642
           D:2 |       0 |      67 |   0.0 |       0 |      14 |   0.0 |   884
           D:3 |       0 |      16 |   0.0 |       0 |       3 |   0.0 |    34
               +---------+---------+-------+---------+---------+-------+---------
